 Dungeon Crawl Stone Soup version 0.27.1-1-g398f81649c (webtiles) character file.

Game seed: 539005001059895736

1421 nxtlvl the Grappler (level 8, 0/74 HPs)
             Began as a Troll Abyssal Knight on Sept 6, 2021.
             Was a Priest of Lugonu.
             Shot with an arrow by a centaur (7 damage)
             ... on level 7 of the Dungeon.
             The game lasted 00:08:42 (1174 turns).

nxtlvl the Grappler (Troll Abyssal Knight)          Turns: 1174, Time: 00:08:43

Health: 0/74       AC:  4    Str: 21    XL:     8   Next: 44%
Magic:  8/8        EV:  9    Int: 10    God:    Lugonu [***...]
Gold:   42         SH:  0    Dex:  9    Spells: 7/7 levels left

rFire    . . .     SeeInvis .     - Unarmed
rCold    . . .     Faith    +   (no shield)
rNeg     . . .     Spirit   .   a - +0 robe
rPois    .         Reflect  .   (helmet restricted)
rElec    .         Harm     .   (no cloak)
rCorr    .         Rampage  .   (gloves unavailable)
Will     .....                  (boots unavailable)
Stlth    +.........             d - amulet of faith
HPRegen  1.22/turn              (no ring)
MPRegen  0.11/turn              (no ring)

@: marked
A: large, unfitting armour, claws 3, regeneration 1, shaggy fur 1, tough skin 1
a: Renounce Religion, Depart the Abyss, Bend Space, Banish


You were on level 7 of the Dungeon.
You worshipped Lugonu.
Lugonu was most pleased with you.
You visited 1 branch of the dungeon, and saw 8 of its levels.
You visited the Abyss 1 time.

You collected 70 gold pieces.
You spent 28 gold pieces at shops.

Inventory:

Missiles
 l - 7 poisoned darts
 o - a throwing net
Armour
 a - a +0 robe (worn)
Jewellery
 d - an amulet of faith (around neck)
Wands
 j - a wand of paralysis (6)
 m - a wand of flame (12)
Scrolls
 f - a scroll of vulnerability {unknown}
 h - a scroll of fog {unknown}
 i - a scroll of magic mapping {unknown}
 k - a scroll of immolation {unknown}
 n - a scroll of identify
Potions
 b - a potion of lignification
 c - a potion of ambrosia
 e - a potion of flight {unknown}
 g - a potion of might


   Skills:
 + Level 2.7 Fighting
 - Level 1.9 Dodging
 * Level 10.3 Unarmed Combat
 + Level 2.1 Invocations


You had 7 spell levels left.
You didn't know any spells.
Your spell library contained the following spells:

 Spells                   Type           Power      Damage    Failure   Level
 Corona                   Hex            0%         N/A       36%         1
 Ensorcelled Hibernation  Hex/Ice        0%         N/A       50%         2
 Gell's Gravitas          Tloc           0%         N/A       75%         3
 Lesser Beckoning         Tloc           0%         N/A       75%         3
 Ozocubu's Armour         Ice            0%         N/A       75%         3
 Teleport Other           Tloc           0%         N/A       75%         3
 Tukima's Dance           Hex            0%         N/A       75%         3
 Metabolic Englaciation   Hex/Ice        0%         N/A       100%        5
 Simulacrum               Ice/Necr       0%         N/A       100%        6


Dungeon Overview and Level Annotations

Branches:
Dungeon (8/15)             Temple (0/1) D:4
   Lair: D:8-11

Altars:
Elyvilon

Shops:
D:5 ?

Annotations:
D:8 Psyche


Innate Abilities, Weirdness & Mutations

You are too large for most types of armour.
You have claws for hands.
Your natural rate of healing is unusually fast.
You are covered in fur. (AC +1)
You have tough skin. (AC +1)


Message History

The mark upon you grows brighter.
You see here a +0 ring mail.
Harold gestures at you while chanting. The mark upon you grows brighter.
A centaur comes into view.
You see here a throwing net.
o - a throwing net The centaur wields a +0 shortbow.
The centaur shoots an arrow.
The arrow closely misses you.
Harold throws a throwing net.
The throwing net hits you.
You become entangled in the net!
You struggle against the net.
The centaur shoots an arrow.
The arrow barely misses you.
Harold falls through a shaft!
The shaft crumbles and collapses.
The centaur reads a scroll.
Wisps of shadow swirl around the centaur.
You struggle against the net.
The centaur shoots an arrow.
The arrow hits you.
You struggle against the net.
The centaur shoots an arrow.
The arrow closely misses you.
The centaur shoots an arrow.
The arrow hits you!
You struggle against the net.
You shred the net and break free!
The centaur shoots an arrow.
The arrow hits you! The white imp gestures at you. The puff of frost hits you.
The centaur shoots an arrow.
The arrow hits you.
The centaur shoots an arrow.
The arrow closely misses you.
The centaur shoots an arrow.
The arrow hits you! The steam dragon breathes steam at you.
The ball of steam hits you!
You see here a +0 ring mail.
The centaur shoots an arrow.
The arrow hits you. The steam dragon barely misses you.
The steam dragon claws you.
* * * LOW HITPOINT WARNING * * *
The centaur shoots an arrow.
The arrow completely misses you.
The centaur shoots an arrow.
The arrow hits you. The steam dragon breathes steam at you.
The ball of steam hits you!
* * * LOW HITPOINT WARNING * * *
The centaur shoots an arrow.
The arrow hits you.
* * * LOW HITPOINT WARNING * * *
You are engulfed in a cloud of scalding steam.
The centaur shoots an arrow.
The arrow hits you!
You die...

#...###...)).......
#...##...####.......
#......)## #.....###
#...#...# ##.......#
#....<.## #........#
#...#.## ##.........
##)....# ##....§....#
...##)).#.#####..##§....#
#......§§@§D...###§...####
......#.........c.[.........
#.#...........#####..#######
....###.......# #.## ####
#.......# #.# #......$# ..#
#.......# .... #......(#
##### #.......#


You could see a steam dragon (summoned, catching breath) and a centaur.

Vanquished Creatures
  2 ice beasts
  A necrophage (D:7)
  4 ogres
  2 centaurs
  A phantom (D:5)
  The ghost of Thatpatchoflichen the Cutter, an amateur KoGl of Wu Jian (D:3)
  A kobold brigand (D:7)
  2 bullfrogs (D:7)
  A scorpion (D:6)
  A water moccasin zombie (D:6)
  A hound (D:4)
  2 iguanas (D:4)
  A bullfrog skeleton (D:6)
  An adder (D:5)
  A howler monkey skeleton (D:7)
  5 orcs
  A ball python (D:2)
  6 bats
  2 endoplasms
  A giant cockroach (D:2)
  A goblin (D:2)
  7 hobgoblins
  13 jackals
  9 kobolds
  2 quokkas
  3 rats
72 creatures vanquished.

Notes
Turn   | Place    | Note
-------+----------+-------------------------------------------
     0 | Abyss:1  | nxtlvl the Troll Abyssal Knight began the quest for the
                  | Orb.
     0 | Abyss:1  | Reached XP level 1. HP: 22/22 MP: 1/1
    63 | D:1      | Escaped the Abyss
   176 | D:2      | Reached XP level 2. HP: 28/29 MP: 2/2
   196 | D:2      | Reached skill level 3 in Unarmed Combat
   267 | D:2      | Reached ** piety under Lugonu
   361 | D:3      | Reached XP level 3. HP: 32/36 MP: 3/3
   536 | D:3      | Found a transporter.
   537 | D:3      | Noticed Thatpatchoflichen's ghost (amateur KoGl)
   537 | D:3      | Identified the +8 great mace "Posozox" {drain, Fragile
                  | rPois rF+ Stlth+}
   537 | D:3      | Noticed an ogre
   548 | D:3      | Found a transporter.
   564 | D:3      | Killed Thatpatchoflichen's ghost
   565 | D:3      | Reached skill level 5 in Unarmed Combat
   565 | D:3      | Reached XP level 4. HP: 18/44 MP: 4/4
   580 | D:3      | Killed an ogre
   581 | D:3      | Reached XP level 5. HP: 41/50 MP: 5/5
   687 | D:4      | Noticed a centaur
   692 | D:4      | Killed a centaur
   693 | D:4      | Reached skill level 6 in Unarmed Combat
   693 | D:4      | Reached XP level 6. HP: 52/59 MP: 6/6
   716 | D:4      | Reached skill level 7 in Unarmed Combat
   753 | D:4      | Reached XP level 7. HP: 50/66 MP: 7/7
   773 | D:4      | Found a staircase to the Ecumenical Temple.
   805 | D:5      | Entered Level 5 of the Dungeon
   827 | D:5      | Reached skill level 8 in Unarmed Combat
   833 | D:5      | Found Maegokuan's Magic Scroll Emporium.
   848 | D:5      | Reached *** piety under Lugonu
   858 | D:5      | Bought a scroll of identify for 28 gold pieces
   984 | D:6      | Reached skill level 9 in Unarmed Combat
   992 | D:6      | Found a white marble altar of Elyvilon.
  1050 | D:7      | Reached XP level 8. HP: 74/74 MP: 8/8
  1055 | D:8      | Noticed Psyche
  1078 | D:7      | Reached skill level 10 in Unarmed Combat
  1136 | D:7      | Noticed Harold
  1174 | D:7      | Shot with an arrow by a centaur

Illustrated notes

Levels and vault maps discovered:
D:1:      matt_arrival_refuge, layout_loops_ring,
          shapermc_ecumenical_altar_acropolis
D:2:      layout_basic, minmay_circle_x, uniq_jessica, uniq_natasha
D:3:      layout_loops_corners, gammafunk_ghost_smash, kennysheep_generic_room_3
D:4:      kennysheep_goblin_castle, layout_basic, minmay_temple_entry_glass
D:5:      layout_basic, mainiacjoe_overflow_catwalk_spiral, serial_shops, shop
D:6:      layout_layer_cave, mainiacjoe_overflow_small_starburst,
          gammafunk_temple_overflow_claw
D:7:      layout_rooms, minmay_misc_feat_doors, uniq_harold
D:8:      layout_cave_pools, minitemple, gammafunk_ghost_grave, serial_undead,
          serial_undead_d, serial_undead_d, serial_undead_c, serial_undead_b,
          amcnicky_mini_corridor_feature, minmay_sticks_and_stones, uniq_psyche

Skill      XL: |  1  2  3  4  5  6  7  8 |
---------------+-------------------------+-----
Unarmed Combat | 3 5 6 7 9 10 | 10.3
Invocations    | 2 |  2.1
Fighting       | |  2.7
Dodging        | |  1.9

Action                   |  1- 3 |  4- 6 |  7- 9 || total
-------------------------+-------+-------+-------++-------
Melee: Unarmed           |   112 |    38 |   101 ||   251
       Punch             |     1 |       |     2 ||     3
  Use: Scroll            |       |       |     4 ||     4
 Stab: Sleeping          |       |       |     1 ||     1
Armor: Robe              |    34 |    16 |    17 ||    67
Dodge: Dodged            |    46 |    23 |    40 ||   109
